 Dungeon Crawl Stone Soup version 0.16-a0-3722-g5e7e3b6 (console) character file.

60869 MrRokkomies the Martial Artist (level 15, -3/103 HPs)
             Began as an Octopode Transmuter on Jan 20, 2015.
             Was the Champion of Cheibriados.
             Engulfed by a cloud of flame (8 damage)
             ... on level 12 of the Dungeon on Jan 21, 2015.
             The game lasted 02:47:15 (23052 turns).

MrRokkomies the Martial Artist (OpTm)              Turns: 23052, Time: 02:47:16

Health: -3/103     AC:  9    Str: 28    XL:     15   Next: 1%
Magic:  0/29       EV: 32    Int: 37    God:    Cheibriados [******]
Gold:   671        SH:  0    Dex: 33    Spells: 8 memorised, 1 level left

rFire  + . .     SeeInvis +       - Unarmed
rCold  . . .     Clarity  .     O - melded +1 buckler
rNeg   . . .     SustAb   .     y - +4 hat of Zeishoe {rElec SInv}
rPois  +         Gourm    .     I - amulet of guardian spirit
rElec  +         Spirit   +     k - +4 ring of evasion
rCorr  .         Warding  .     m - +3 ring of strength (curse)
rMut   .         Stasis   .     v - ring of protection from fire
MR     +++..                    S - ring of protection from magic
Stlth  +++++.....               h - ring of protection from magic
                                W - +4 ring of protection
                                o - ring of poison resistance
                                f - +6 ring of dexterity

@: blade tentacles, repel missiles, very slow, extremely resistant to hostile
enchantments, quite stealthy
A: almost no armour, amphibious, 8 rings, constrict 8, camouflage 1, gelatinous
body 1
a: End Transformation, Bend Time, Temporal Distortion, Slouch, Step From Time,
Renounce Religion


You were on level 12 of the Dungeon.
You worshipped Cheibriados.
Cheibriados was exalted by your worship.
You were hungry.
You had blades for tentacles.
You visited 3 branches of the dungeon, and saw 21 of its levels.
You also visited: Labyrinth.

You collected 1704 gold pieces.
You spent 1033 gold pieces at shops.

Inventory:

Hand weapons
 b - a +4 blowgun
Missiles
 j - 84 poisoned needles
 q - 3 throwing nets (quivered)
 B - 5 curare-tipped needles
Armour
 y - the +4 hat of Zeishoe (worn) {rElec SInv}
   (You acquired it on level 5 of the Dungeon)

   It insulates you from electricity.
   It enhances your eyesight.
 O - a +1 buckler (melded)
Rods
 p - a +8 iron rod (12/12)
   (You found it on level 8 of the Lair of Beasts)
 u - a +5 rod of ignition (14/14)
   (You found it in a labyrinth)
Jewellery
 f - a +6 ring of dexterity (on tentacle)
 h - a ring of protection from magic (on tentacle)
 k - a +4 ring of evasion (left scythe-like blade)
 m - a cursed +3 ring of strength (right scythe-like blade)
 o - a ring of poison resistance (on tentacle)
 s - an uncursed amulet of resist mutation {unknown}
 v - a ring of protection from fire (on tentacle)
 I - an amulet of guardian spirit (around mantle)
 R - an uncursed ring of teleportation
 S - a ring of protection from magic (on tentacle)
 W - a +4 ring of protection (on tentacle)
Magical devices
 d - a wand of paralysis (17)
 g - a wand of cold (5)
 x - a wand of disintegration (13)
 z - a wand of heal wounds (1)
 A - a wand of invisibility (0)
 E - a wand of lightning (6)
 T - a wand of confusion (37)
Scrolls
 i - 4 scrolls of remove curse
 n - 4 scrolls of teleportation
 w - a scroll of immolation
 K - 2 scrolls of blinking
 L - a scroll of magic mapping
 Q - a scroll of silence
 U - a scroll of fog
 X - 3 scrolls of fear
Potions
 e - 5 potions of heal wounds
 l - 10 potions of curing
 t - a potion of magic
 C - a potion of flight
 D - a potion of ambrosia {unknown}
 V - a potion of agility {unknown}
 Z - a potion of invisibility
Miscellaneous
 r - a disc of storms
 P - a lantern of shadows
Comestibles
 a - 14 bread rations
 c - 12 meat rations
 F - 3 chunks of flesh
 H - 12 fruits


   Skills:
 - Level 10.0 Fighting
 * Level 11.7 Dodging
 - Level 5.1 Stealth
 - Level 5.0 Shields
 - Level 12.0 Unarmed Combat
 - Level 5.1 Spellcasting
 - Level 9.0 Transmutations
 - Level 10.0 Invocations
 * Level 11.7 Evocations


You had one spell level left.
You knew the following spells:

 Your Spells              Type           Power        Failure   Level  Hunger
a - Beastly Appendage     Trmt           ######       8%          1    None
b - Spider Form           Trmt/Pois      #####.....   21%         3    None
c - Animate Skeleton      Necr           N/A          32%         1    None
d - Blade Hands           Trmt           ######....   24%         5    #####..
e - Repel Missiles        Chrm/Air       #.....       41%         2    None
f - Ice Form              Ice/Trmt       #####...     41%         4    ##.....
g - Static Discharge      Conj/Air       #.......     50%         3    None
h - Airstrike             Air            #.........   80%         4    ##.....


Dungeon Overview and Level Annotations

Branches:
Dungeon (12/15)            Temple (1/1) D:4            Lair (8/8) D:11
 Shoals (0/5) Lair:5        Snake (0/5) Lair:5        Slime (0/6) Lair:8
    Orc: D:9-12

Altars:
Ashenzari
Cheibriados
Dithmenos
Fedhas
Gozag
Nemelex Xobeh
Okawaru
Qazlal
Ru
Vehumet
Xom
Yredelemnul
Zin
The Shining One
Jiyva

Shops:
D:7 =*}}[

Annotations:
Lair:7 exclusion: oklob plant
Lair:8 runed door


Innate Abilities, Weirdness & Mutations

You cannot wear most types of armour.
You are amphibious.
You can wear up to eight rings at the same time.
You can use your tentacles to constrict many enemies at once.
Your skin changes colour to match your surroundings (Stealth).
Your rubbery body absorbs attacks (AC +1).


Message History

The fire giant is severely wounded.
You are engulfed in roaring flames.
You resist.
You hit the fire giant but do no damage.
You squeeze the fire giant!
The fire giant is almost dead.
You are engulfed in roaring flames.
You resist.
The fire giant hits you with a great sword of flaming!!
The fire giant burns you.
You shred the fire giant!!!
The fire giant explodes!
The fiery explosion engulfs you! You resist.
* * * LOW HITPOINT WARNING * * *
Cheibriados appreciates the change of pace.
You have reached level 15!
Your experience leads to an increase in your attributes!
Your base attributes are Str 10, Int 20, Dex 12.
Increase (S)trength, (I)ntelligence, or (D)exterity?
You feel clever. x2
You are engulfed in roaring flames.
You resist.
You die...

#...........## ##....
#............# #..(..
#.....########## # ######
#.....##.......## ..#
..... #.....'.........##
.... ......
#.<...##.........##H...
..... '.....########....'#
######
#............##Z...##
#.....
#...........####@...#
##....
#..........##§§§#....#
##... #.........##§§§§
#....# ##..
#........##§§§§§###...###
##.
#.......##%..%.##.#...#.##
## #.......##[%%%##..#
..#..## ##
#........##%!##...#
.#...## ##.
#)........####....#
#....####..
#..........##.....#
#.....##...


You could see a manticore and the friendly Erolcha the ogre skeleton (inner
flame).

Vanquished Creatures
  A fire giant (D:12)
  The ghost of Tyryt0 the Cleaver, a powerful DsFi of Trog (D:12)
  A fire dragon (Lair:8)
  A minotaur (Lab)
  5 hydras
  6 death yaks (Lair:8)
  A tengu warrior (D:12)
  Erolcha (D:12)
  2 unseen horrors (D:12)
  An orc knight (D:11)
  2 hill giants
  A cyclops (D:11)
  2 ugly things
  2 griffons
  2 centaur zombies
  Joseph (Lair:1)
  3 black mambas
  A gargoyle (D:10)
  12 spiny frogs
  3 fire drakes
  5 komodo dragons
  3 trolls
  11 polar bears
  A queen bee (D:8)
  3 raiju (Lair:8)
  3 ravens (D:12)
  17 blink frogs
  3 two-headed ogres
  A trapdoor spider (D:12)
  24 yaks
  2 basilisks
  A deep elf mage (D:12)
  3 wyverns
  2 wraiths
  A black mamba skeleton (Lair:7)
  7 hippogriffs
  5 wargs (Lair:8)
  2 humans (D:7)
  A mottled dragon (Lair:8)
  A gnoll sergeant (D:11)
  23 wolves
  3 hell hounds (Lair:8)
  3 swamp drakes (Lair:8)
  8 porcupines
  4 ice beasts
  2 sky beasts
  8 orc warriors
  6 water moccasins
  A phantom (D:10)
  6 ogres
  A spiny frog skeleton (Lair:8)
  2 necrophages (D:11)
  10 black bears
  2 blink frog skeletons (Lair:8)
  A centaur (D:11)
  19 crocodiles
  Duvessa (D:5)
  21 giant frogs
  A big kobold (D:12)
  A wyvern zombie (D:12)
  A komodo dragon skeleton (Lair:8)
  38 killer bees
  4 scorpions
  A water moccasin skeleton (D:10)
  4 wights (D:7)
  A troll skeleton (D:12)
  4 crimson imps
  2 giant frog zombies (D:12)
  Dowan (D:5)
  5 jellies
  15 hounds
  3 giant frog skeletons
  5 orc priests
  3 centaur skeletons
  A quasit (D:8)
  9 iguanas
  5 sheep (Lair:2)
  7 worker ants
  20 orc wizards
  Ijyb (D:3)
  A crocodile skeleton (Lair:8)
  The ghost of MrRokkomies the Insei, a weakling OpTm (D:3)
  2 hound skeletons (D:8)
  A mummy (D:12)
  Robin (D:4)
  16 gnolls
  A worker ant zombie (D:10)
  31 adders
  49 river rats
  2 giant mites
  4 worms
  6 shadow imps
  2 adder skeletons
  2 giant geckos
  60 orcs
  A ball python (D:1)
  A bat skeleton (D:4)
  5 giant cockroaches
  25 goblins
  15 hobgoblins
  12 jackals
  12 quokkas
  9 bats
  5 giant newts
  A giant spore (D:7)
  A goblin skeleton (D:7)
  A goblin zombie (D:7)
  5 hobgoblin zombies (D:7)
  24 kobolds
  A kobold skeleton (D:7)
  An orc skeleton (D:9)
  An orc zombie (D:7)
  18 rats
  4 ballistomycetes (D:7)
  2 plants
721 creatures vanquished.

Vanquished Creatures (collateral kills)
  3 hydras
  An elephant (Lair:4)
  2 black mambas
  A torpor snail (Lair:3)
  5 spiny frogs
  3 komodo dragons
  A fire drake (Lair:3)
  A boulder beetle (Lair:7)
  7 blink frogs
  A yak (Lair:2)
  A steam dragon (Lair:8)
  3 hippogriffs
  2 wargs (Lair:8)
  2 wolves (Lair:8)
  4 water moccasins
  4 porcupines
  3 black bears (Lair:8)
  An ice beast (D:7)
  An ogre (D:9)
  A swamp drake (Lair:8)
  2 crocodiles (Lair:8)
  2 centaurs
  4 giant frogs
  4 killer bees
  A wight (D:7)
  2 hounds
  2 giant frog zombies
  2 orc priests (D:11)
  An iguana (Lair:8)
  A sheep (Lair:2)
  15 river rats
  A shadow imp (D:6)
  6 adders
  2 orcs
  A hobgoblin (D:11)
  5 jackals
  2 kobolds (D:9)
  5 quokkas
  A giant cockroach (D:4)
  2 plants
108 creatures vanquished.

Vanquished Creatures (others)
  A death yak skeleton (Lair:8)
  2 black mamba skeletons
  2 shadows (Lair:8)
  A spiny frog skeleton (Lair:8)
  A fire drake skeleton (Lair:8)
  A blink frog skeleton (Lair:2)
  A komodo dragon skeleton (D:11)
  A warg skeleton (Lair:8)
  A water moccasin skeleton (Lair:6)
  7 yak skeletons
  3 polar bear skeletons
  A raiju skeleton (Lair:8)
  3 hippogriff skeletons
  2 troll skeletons
  A hound (Lair:8)
  2 wolf skeletons
  A human skeleton (D:7)
  2 giant frog skeletons
  A black bear skeleton (Lair:8)
  A porcupine skeleton (Lair:5)
  A two-headed ogre skeleton (D:11)
  3 ogre skeletons
  A necrophage skeleton (D:11)
  2 crocodile skeletons
  A river rat (Lair:3)
  4 adder skeletons
  A giant newt skeleton (D:7)
  2 gnoll skeletons (D:7)
  A goblin skeleton (D:7)
  A hobgoblin skeleton (D:11)
  2 kobold skeletons
  17 orc skeletons
  A quokka skeleton (Lair:4)
  2 fungi
  10 plants
84 creatures vanquished.

Grand Total: 913 creatures vanquished

Notes
Turn   | Place    | Note
--------------------------------------------------------------
     0 | D:1      | MrRokkomies, the Octopode Transmuter, began the quest for the Orb.
     0 | D:1      | Reached XP level 1. HP: 13/13 MP: 3/3
    85 | D:1      | Reached XP level 2. HP: 12/18 MP: 2/4
   946 | D:1      | Reached XP level 3. HP: 14/23 MP: 6/6
   951 | D:1      | Learned a level 3 spell: Spider Form
  1342 | D:2      | Reached skill level 1 in Stealth
  1528 | D:2      | Reached XP level 4. HP: 25/28 MP: 5/7
  1549 | D:2      | Reached skill level 4 in Unarmed Combat
  1713 | D:2      | Found a shattered altar of Ashenzari.
  2155 | D:2      | Reached XP level 5. HP: 27/33 MP: 9/9
  2713 | D:3      | Noticed Ijyb
  2725 | D:3      | Killed Ijyb
  2895 | D:3      | Noticed MrRokkomies' ghost (weakling OpTm)
  2914 | D:3      | Killed MrRokkomies' ghost
  2978 | D:3      | Reached skill level 5 in Unarmed Combat
  2978 | D:3      | Reached XP level 6. HP: 33/38 MP: 1/10
  3415 | D:3      | Learned a level 1 spell: Animate Skeleton
  4092 | D:4      | Found Gasch's Antique Weapon Shop.
  4249 | D:4      | Noticed Robin
  4277 | D:4      | Killed Robin
  4277 | D:4      | Reached XP level 7. HP: 37/43 MP: 9/12
  4864 | D:4      | Found a staircase to the Ecumenical Temple.
  4870 | Temple   | Entered the Ecumenical Temple
  4877 | Temple   | Became a worshipper of Cheibriados the Contemplative
  5052 | D:4      | Learned a level 5 spell: Blade Hands
  5066 | D:5      | Entered Level 5 of the Dungeon
  5092 | D:5      | Reached skill level 6 in Unarmed Combat
  5092 | D:5      | Reached skill level 5 in Transmutations
  5347 | D:5      | Identified a scroll of acquirement
  5348 | D:5      | Got a distressingly furry hat
  5354 | D:5      | Identified the +4 hat of Zeishoe {rElec SInv} (You acquired it on level 5 of the Dungeon)
  5443 | D:5      | Found a sacrificial altar of Ru.
  5443 | D:5      | Found a glowing silver altar of Zin.
  5499 | D:5      | Noticed Dowan
  5758 | D:5      | Found a radiant altar of Vehumet.
  5894 | D:5      | Noticed Duvessa
  5898 | D:5      | Killed Dowan
  5909 | D:5      | Killed Duvessa
  5909 | D:5      | Reached skill level 5 in Stealth
  5909 | D:5      | Reached XP level 8. HP: 31/48 MP: 8/13
  6283 | D:6      | Reached skill level 7 in Unarmed Combat
  6737 | D:7      | Found Waerun's Armour Boutique.
  6816 | D:7      | Found a glowing golden altar of the Shining One.
  7204 | D:7      | Reached skill level 1 in Invocations
  7221 | D:7      | Found Satuj's Assorted Antiques.
  7224 | D:7      | Found Meriuc's Gadget Shop.
  7239 | D:7      | Bought a paperback book for 435 gold pieces
  7239 | D:7      | Bought a scroll of identify for 58 gold pieces
  7275 | D:7      | Acquired Cheibriados' first power
  7313 | D:7      | Found an iron altar of Okawaru.
  7365 | D:7      | Reached skill level 8 in Unarmed Combat
  7365 | D:7      | Reached XP level 9. HP: 20/53 MP: 1/14
  7466 | D:7      | Learned a level 2 spell: Repel Missiles
  7553 | D:7      | Found Koonount's Gadget Shoppe.
  7582 | D:7      | Found Hunehec's Jewellery Shop.
  8011 | D:8      | Acquired Cheibriados' second power
  8174 | D:8      | Reached skill level 9 in Unarmed Combat
  8624 | D:8      | Reached XP level 10. HP: 52/58 MP: 17/17
  8878 | D:8      | Reached skill level 10 in Unarmed Combat
  9192 | D:8      | Upgraded the game from 0.16-a0-3712-g87ae24a to 0.16-a0-3722-g5e7e3b6
  9201 | D:8      | Acquired Cheibriados' third power
  9231 | D:8      | Reached skill level 5 in Invocations
 10401 | D:9      | Found a sparkling altar of Nemelex Xobeh.
 10544 | D:9      | Reached skill level 1 in Shields
 10889 | D:10     | Entered Level 10 of the Dungeon
 11018 | D:10     | Reached skill level 5 in Dodging
 11195 | D:10     | Reached XP level 11. HP: 70/70 MP: 14/20
 12249 | D:11     | Reached skill level 5 in Shields
 12434 | D:11     | Found a staircase to the Lair.
 12553 | D:11     | Reached skill level 5 in Fighting
 12560 | D:11     | Noticed an orc knight
 12582 | D:11     | HP: 2/71 [orc priest/divine providence (10)]
 12765 | D:11     | Killed an orc knight
 13195 | D:12     | Noticed Tyryt0's ghost (powerful DsFi)
 13197 | D:12     | Noticed a hill giant
 13387 | D:12     | Killed Tyryt0's ghost
 13387 | D:12     | Reached XP level 12. HP: 65/80 MP: 17/23
 13391 | D:12     | Noticed a five-headed hydra
 13400 | D:11     | Learned a level 4 spell: Ice Form
 13457 | Lair:1   | Entered Level 1 of the Lair of Beasts
 13744 | Lair:1   | Noticed Joseph
 13755 | Lair:1   | Killed Joseph
 14650 | Lair:1   | Learned a level 3 spell: Static Discharge
 15060 | Lair:2   | Noticed an eight-headed hydra
 15070 | Lair:2   | Killed an eight-headed hydra
 15070 | Lair:2   | Reached skill level 5 in Spellcasting
 16538 | Lair:3   | Noticed an eight-headed hydra
 16546 | Lair:3   | Killed an eight-headed hydra
 16546 | Lair:3   | Reached XP level 13. HP: 63/90 MP: 14/26
 17238 | D:11     | Noticed a hill giant
 17244 | D:11     | Killed a hill giant
 17244 | D:11     | Reached skill level 11 in Unarmed Combat
 17362 | D:7      | Bought a +4 ring of protection for 540 gold pieces
 17629 | Lair:4   | Found a labyrinth entrance.
 17640 | Lab      | Entered a labyrinth
 17861 | Lab      | Noticed a minotaur
 17866 | Lab      | Killed a minotaur
 17922 | Lab      | Identified a +5 rod of ignition (14/14) (You found it in a labyrinth)
 17982 | Lair:4   | Reached skill level 10 in Fighting
 18173 | Lair:4   | Reached skill level 1 in Evocations
 19082 | Lair:5   | Found a staircase to the Shoals.
 19157 | Lair:5   | Found a staircase to the Snake Pit.
 19482 | Lair:6   | Reached skill level 5 in Evocations
 19568 | Lair:6   | Reached skill level 12 in Unarmed Combat
 19570 | Lair:6   | Reached skill level 10 in Invocations
 20653 | Lair:7   | Reached XP level 14. HP: 76/99 MP: 20/27
 20712 | Lair:8   | Entered Level 8 of the Lair of Beasts
 21077 | Lair:8   | Found a runed door.
 21078 | Lair:8   | Found a viscous altar of Jiyva.
 21079 | Lair:8   | Noticed an acid blob
 21080 | Lair:8   | Found a staircase to the Slime Pits.
 21081 | Lair:8   | Noticed an acid blob
 21683 | Lair:8   | Reached skill level 10 in Dodging
 21900 | Lair:8   | Reached skill level 10 in Evocations
 22509 | Lair:1   | Learned a level 4 spell: Airstrike
 22701 | D:12     | Noticed an unseen horror
 22709 | D:12     | Killed an unseen horror
 22758 | D:12     | Noticed an unseen horror
 22779 | D:12     | Killed an unseen horror
 22899 | D:12     | Killed a five-headed hydra
 22913 | D:12     | Noticed Erolcha
 22923 | D:12     | Killed Erolcha
 23012 | D:12     | Killed a hill giant
 23043 | D:12     | Noticed a fire giant
 23043 | D:12     | Noticed a tengu warrior
 23049 | D:12     | Killed a tengu warrior
 23052 | D:12     | Killed a fire giant
 23052 | D:12     | Reached XP level 15. HP: 5/103 MP: 1/29
 23052 | D:12     | Engulfed by a cloud of flame

Action                   |  1- 3 |  4- 6 |  7- 9 | 10-12 | 13-15 || total
-------------------------+-------+-------+-------+-------+-------++-------
Melee: Unarmed           |    76 |   191 |   293 |   484 |   550 ||  1594
 Fire: Blowgun           |       |       |       |    33 |     5 ||    38
Throw: Tomahawk          |       |    18 |    24 |     2 |       ||    44
       Stone             |       |       |       |     7 |     2 ||     9
       Throwing net      |       |       |       |     1 |       ||     1
 Cast: Beastly Appendage |     4 |     9 |     1 |     1 |     1 ||    16
       Spider Form       |       |     7 |    13 |     1 |     1 ||    22
       Animate Skeleton  |       |     2 |    20 |    52 |    41 ||   115
       Blade Hands       |       |       |     7 |    31 |     7 ||    45
       Repel Missiles    |       |       |     1 |     1 |     1 ||     3
       Ice Form          |       |       |       |     2 |     1 ||     3
Invok: Slouch            |       |       |     1 |     3 |     6 ||    10
       Step From Time    |       |       |       |     2 |       ||     2
 Abil: End Transformatio |       |       |       |       |     2 ||     2
Evoke: Wand              |       |       |     5 |     7 |     1 ||    13
       Rod               |       |       |       |       |    10 ||    10
       Disc of storms    |       |       |       |       |     2 ||     2
  Use: Scroll            |     2 |     4 |     7 |    19 |    10 ||    42
       Potion            |       |       |     3 |     3 |       ||     6
 Stab: Sleeping          |       |    13 |    13 |    21 |    23 ||    70
       Distracted        |       |       |     1 |     8 |     9 ||    18
       Held in net/web   |       |       |       |     1 |       ||     1
       Fleeing           |       |       |       |       |     2 ||     2
  Eat: Chunk             |     2 |     9 |    17 |    26 |    21 ||    75
       Pizza             |       |       |       |     1 |       ||     1
       Beef jerky        |       |       |       |     1 |       ||     1
